 Dungeon Crawl Stone Soup version 0.18.1-6-gd335043 (webtiles) character file.

140 Implojin the Insei (level 5, -2/41 HPs)
             Began as a Mummy Monk on May 19, 2016.
             Slain by a hobgoblin (7 damage)
             ... led by Robin
             ... on level 4 of the Dungeon.
             The game lasted 00:06:51 (4216 turns).

Implojin the Insei (Mummy Monk)                     Turns: 4216, Time: 00:06:52

Health: -2/41      AC:  0    Str: 14    XL:     5   Next: 2%
Magic:  5/5        EV: 13    Int:  9    God:
Gold:   205        SH:  0    Dex: 16    Spells: 0 memorised, 4 levels left

rFire  x . .     SeeInvis .       - Unarmed
rCold  + . .     Gourm    .     (no armour)
rNeg   + + +     Faith    .     (no shield)
rPois  ∞         Spirit   .     (no helmet)
rElec  .         Dismiss  .     (no cloak)
rCorr  .         Reflect  .     (no gloves)
SustAt .         Harm     .     (no boots)
MR     .....                    (no amulet)
Stlth  ++........               (no ring)
                                (no ring)

@: not resistant to hostile enchantments, unstealthy
A: no food or potions, fire vulnerability, cold resistance 1, negative energy
resistance 3, torment resistance, unbreathing
a: no special abilities


You were on level 4 of the Dungeon.
You were not hungry.

You visited 1 branch of the dungeon, and saw 4 of its levels.

You collected 205 gold pieces.

Inventory:

Armour
 f - a +0 large shield
Scrolls
 a - 2 scrolls of enchant armour
 c - 3 scrolls of remove curse
 j - 2 scrolls of fog


   Skills:
 - Level 3.0 Fighting
 - Level 2.4 Dodging
 - Level 1.5 Stealth
 * Level 5.2 Unarmed Combat


You had 4 spell levels left.
You didn't know any spells.

Dungeon Overview and Level Annotations

Branches:
Dungeon (4/15)
 Temple: D:4-7

Altars:
Gozag

Shops:
D:3 *

Annotations:
D:4 Robin


Innate Abilities, Weirdness & Mutations

You do not eat or drink.
Your flesh is vulnerable to fire.
You are immune to poison.
Your flesh is cold resistant.
You are immune to negative energy.
You are immune to unholy pain and torment.
You can survive without breathing.


Message History

Robin throws the goblin at you!
The goblin shouts! x2; You hear a shout!
Unknown command.
A goblin comes into view.
Robin roars a battlecry!
The goblins go into a battle-frenzy!
The goblin hits you. Robin throws the goblin at you!
You closely miss the goblin. The goblin barely misses you.
The hobgoblin hits you.
You hit the goblin.
You kill the goblin!
The hobgoblin misses you.
A goblin comes into view.
Robin throws the goblin at you!
You see here a club.
Read which item? (? for menu, Esc to quit)
As you read the scroll labeled VETHOE LYKUONG, it crumbles to dust.
You feel aware of your surroundings.
You sensed 4 altars, and 1 shop/portal.
It was a scroll of magic mapping.
The goblin completely misses you. The hobgoblin hits you.
* * * LOW HITPOINT WARNING * * *
Read which item? (? for menu, Esc to quit)
As you read the scroll labeled OSIFAYTOTA, it crumbles to dust.
It is a scroll of amnesia.
You feel forgetful for a moment. The goblin hits you with a dagger.
* * * LOW HITPOINT WARNING * * *
The hobgoblin barely misses you.
Read which item? (? for menu, Esc to quit)
Okay, then.
You hit the goblin.
The goblin is severely wounded.
The goblin hits you with a dagger.
* * * LOW HITPOINT WARNING * * *
The hobgoblin hits you!
* * * LOW HITPOINT WARNING * * *
You hit the goblin.
You kill the goblin!
The hobgoblin hits you!
You die...

###.#####..# #.# *
#..........######.# *
#.#######.........# *
#a# #[######### * #.#
#.# * #.#
#.########### #a#
#............
#.###################
#..)@gggggg$..##*****
#..####ggg......,,,,,
#.§# #.#####.##*****
#..# #.# *,*
#..####.# *,*
#....<..# *,*
##.###### *,*
#.#*********,*
#..,,,,,,,,,,*


You could see Robin, 4 hobgoblins and 4 goblins.

Vanquished Creatures
  A giant frog skeleton (D:4)
  6 adders
  2 dart slugs
  9 bats
  2 giant cockroaches (D:1)
  7 goblins
  7 hobgoblins
  6 jackals
  6 kobolds
  5 giant newts
  3 rats
54 creatures vanquished.

Notes
Turn   | Place    | Note
--------------------------------------------------------------
     0 | D:1      | Implojin the Mummy Monk began the quest for the Orb.
     0 | D:1      | Reached XP level 1. HP: 18/18 MP: 1/1
   183 | D:1      | Reached XP level 2. HP: 16/24 MP: 2/2
   904 | D:1      | Reached skill level 4 in Unarmed Combat
  1155 | D:2      | Reached XP level 3. HP: 21/29 MP: 3/3
  2124 | D:2      | Reached XP level 4. HP: 32/35 MP: 4/4
  2971 | D:3      | Found Gozag's Platinum Reserve.
  3403 | D:3      | Found an opulent altar of Gozag.
  3490 | D:3      | Found a faded altar to an unknown god.
  3761 | D:4      | Reached skill level 5 in Unarmed Combat
  4185 | D:3      | Reached XP level 5. HP: 41/41 MP: 5/5
  4206 | D:4      | Noticed Robin
  4216 | D:4      | Slain by a hobgoblin

Skill      XL: |  1  2  3  4 |
---------------+-------------+-----
Unarmed Combat | 4 5 |  5.2
Fighting       | |  3.0
Dodging        | |  2.4
Stealth        | |  1.5

Action                   |  1- 3 |  4- 6 || total
-------------------------+-------+-------++-------
Melee: Unarmed           |   132 |    75 ||   207
       Punch             |     4 |     1 ||     5
  Use: Scroll            |       |     9 ||     9
 Stab: Sleeping          |     1 |     1 ||     2
Dodge: Dodged            |    90 |    57 ||   147

Table legend:
 A = Turns spent in this place as a percentage of turns spent in the entire game.
 B = Non-inter-level travel turns spent in this place as a percentage of non-inter-level travel turns spent in the entire game.
 C = Inter-level travel turns spent in this place as a percentage of turns spent in this place.
 D = Turns resting spent in this place as a percentage of non-inter-level travel turns spent in this place.
 E = Turns spent auto-exploring this place as a percentage of non-inter-level travel turns spent in this place.
 F = Non-inter-level travel turns spent in this place divided by the number of levels of this place that you've seen.
                   A       B       C       D       E      F
               +-------+-------+-------+-------+-------+----------------------
         Total | 100.0 | 100.0 |   0.7 |   4.6 |   9.0 | 228.8
       Dungeon | 100.0 | 100.0 |   0.7 |   4.6 |   9.0 | 228.8
               +-------+-------+-------+-------+-------+----------------------

Table legend:
 A = Kills in this place as a percentage of kills in entire the game.
 B = Kills by you in this place as a percentage of kills by you in the entire game.
 C = Kills by friends in this place as a percentage of kills by friends in the entire game.
 D = Other kills in this place as a percentage of other kills in the entire game.
 E = Experience gained in this place as a percentage of experience gained in the entire game.
 F = Experience gained in this place divided by the number of levels of this place that you have seen.
                   A       B       C       D       E      F
               +-------+-------+-------+-------+-------+----------------------
         Total | 100.0 | 100.0 |  -nan |  -nan | 100.0 |  50.0
       Dungeon | 100.0 | 100.0 |  -nan |  -nan | 100.0 |  50.0
               +-------+-------+-------+-------+-------+----------------------
